 Dungeon Crawl Stone Soup version 0.24-a0-170-gd8427f5 (webtiles) character file.

Game seed: 10396112270031280603

43 Azzok the Insei (level 3, 1/23 HPs)
             Began as an Octopode Transmuter on Mar 10, 2019.
             Quit the game on level 2 of the Dungeon.
             The game lasted 00:01:26 (1161 turns).

Azzok the Insei (Octopode Transmuter)               Turns: 1161, Time: 00:01:27

Health: 1/23       AC:  1    Str: 13    XL:     3   Next: 58%
Magic:  6/6        EV: 13    Int: 16    God:
Gold:   45         SH:  0    Dex: 12    Spells: 5/6 levels left

rFire    . . .     SeeInvis .     - Unarmed
rCold    . . .     Gourm    .   (no shield)
rNeg     . . .     Faith    .   (helmet restricted)
rPois    .         Spirit   .   (no amulet)
rElec    .         Reflect  .   e - +4 ring of strength
rCorr    .         Harm     .   (no ring)
MR       .....                  (no ring)
Stlth    ++........             (no ring)
HPRegen  0.07/turn              (no ring)
MPRegen  0.10/turn              (no ring)
                                (no ring)
                                (no ring)

@: no status effects
A: almost no armour, stealthy swim, amphibious, 8 rings, constrict 8, camouflage
1, gelatinous body 1
a: no special abilities


You were on level 2 of the Dungeon.
You were not hungry.

You visited 1 branch of the dungeon, and saw 2 of its levels.

You collected 45 gold pieces.

Inventory:

Missiles
 a - 12 arrows
Jewellery
 e - a +4 ring of strength (left tentacle)
Scrolls
 d - a scroll of remove curse {unknown}
 f - a scroll of enchant armour {unknown}
Comestibles
 c - 4 rations


   Skills:
 - Level 1.0 Fighting
 - Level 2.0 Dodging
 + Level 3.8 Unarmed Combat
 - Level 2.0 Spellcasting
 + Level 3.0 Transmutations


You had 5 spell levels left.
You knew the following spells:

 Your Spells              Type           Power        Failure   Level  Hunger
a - Beastly Appendage     Tmut           ##....       6%          1    #......

Your spell library contained the following spells:

 Spells                   Type           Power        Failure   Level  Hunger
 Sticks to Snakes         Tmut           ##......     9%          2    ###....
 Spider Form              Tmut/Pois      #.........   32%         3    ###....
 Ice Form                 Ice/Tmut       #.......     73%         4    #####..
 Blade Hands              Tmut           ##........   85%         5    ######.


Dungeon Overview and Level Annotations

Branches:
Dungeon (2/15)

Altars:
Gozag
Qazlal
Uskayaw
The Shining One


Innate Abilities, Weirdness & Mutations

You cannot wear most types of armour.
You are very stealthy in the water. (Stealth+)
You are amphibious.
You can wear up to eight rings at the same time.
You can use your tentacles to constrict eight enemies at once.
Your skin changes colour to match your surroundings (Stealth+).
Your rubbery body absorbs attacks. (AC +1, EV +1)


Message History

Unknown command.
Unknown command.
Unknown command.
Unknown command.
Unknown command.
Your tentacle spike disappears.
Key pressed, stopping explore.
The goblin is too close now for your liking.
A goblin is nearby!
A goblin is nearby!
You see here a giant cockroach corpse.
The adder hisses angrily.
The goblin unwields a +0 club.
The goblin wields a +0 hunting sling.
The goblin shoots a stone.
The stone hits you!
* * * LOW HITPOINT WARNING * * *
You see here a stone.
Found a stone staircase leading down.
You completely miss the adder. Your grab misses the adder. The adder bites you.
* * * LOW HITPOINT WARNING * * *
Are you sure you want to abandon this character and quit the game? (Confirm with "yes".)

▒·▒ ▒·▒ ··········▒ ·▒▒▒
···············▒ ···▒▒
····· >·······▒ ····▒▒
···· ········ ·····▒
····▒▒······ ▒·····▒
····▒···g· ··▒····▒
·g···▒▒S▒
▒▒▒▒····▒▒▒···▒▒@▒
·······[······▒▒(▒
▒▒▒···········▒▒†▒▒▒▒▒·▒
▒▒▒·▒▒▒▒▒▒▒············▒
···▒▒▒▒▒▒▒▒·▒·▒▒·▒▒▒▒▒▒▒
···▒··8▒···········?··
······_▒·▒▒·▒·▒▒·▒▒▒▒▒
···▒··8▒·▒▒·▒····▒
▒▒▒▒▒▒▒▒·▒▒·▒····▒


You could see an adder and a goblin.

Vanquished Creatures
  An adder (D:2)
  An ooze (D:2)
  A dart slug (D:2)
  3 bats
  5 giant cockroaches
  4 goblins (D:2)
  3 hobgoblins
  2 kobolds (D:2)
  6 rats
26 creatures vanquished.

Notes
Turn   | Place    | Note
-------+----------+-------------------------------------------
     0 | D:1      | Azzok the Octopode Transmuter began the quest for the Orb.
     0 | D:1      | Reached XP level 1. HP: 13/13 MP: 3/3
     2 | D:1      | Noticed a spriggan
     3 | D:1      | Noticed a halfling
     5 | D:1      | Noticed a demonspawn
     5 | D:1      | Noticed a demigod
     7 | D:1      | Noticed a felid
     7 | D:1      | Noticed a draconian
     9 | D:1      | Noticed a naga
     9 | D:1      | Noticed a centaur
    11 | D:1      | Noticed a vine stalker
    13 | D:1      | Noticed a formicid
    13 | D:1      | Noticed a troll
    15 | D:1      | Noticed a human
    17 | D:1      | Noticed an ogre
    19 | D:1      | Noticed a merfolk
    19 | D:1      | Noticed a ghoul
    21 | D:1      | Noticed a gargoyle
    21 | D:1      | Noticed a tengu
    23 | D:1      | Noticed a dwarf
    23 | D:1      | Noticed an elf
    25 | D:1      | Noticed an octopode
    27 | D:1      | Noticed a vampire
    27 | D:1      | Noticed a minotaur
   243 | D:1      | You fall through a shaft!
   250 | D:2      | Reached XP level 2. HP: 12/18 MP: 5/5
   707 | D:2      | Reached XP level 3. HP: 22/23 MP: 6/6
   768 | D:2      | Found an opulent altar of Gozag.
   929 | D:2      | Found a hide-covered altar of Uskayaw.
   929 | D:2      | Found a stormy altar of Qazlal.
  1046 | D:2      | Found a glowing golden altar of the Shining One.
  1160 | D:2      | HP: 1/23 [adder (2)]
  1161 | D:2      | Quit the game

Levels and vault maps discovered:
D:1:      kb_arrival_jail, layout_basic
D:2:      layout_basic, grunt_gozag_breadcrumbs, marbit_many_paths,
          gammafunk_temple_overflow_statue, nrook_mini_backslash

Skill      XL: |  1  2  3 |
---------------+----------+-----
Transmutations | 3 |  3.0
Fighting       | |  1.0
Dodging        | |  2.0
Unarmed Combat | |  3.8
Spellcasting   | |  2.0

Action                   || total
-------------------------++-------
Melee: Unarmed           ||    64
       Constrict         ||    10
       Tentacles         ||     4
       Punch             ||     1
       Kick              ||     3
 Cast: Beastly Appendage ||     3
 Stab: Sleeping          ||     6
  Eat: Chunk             ||     1
Armor: Skin              ||     6
Dodge: Dodged            ||    56

Table legend:
 A = Non-vault XP
 B = Vault XP
 C = Vault XP percentage of total XP
 D = Non-vault monster count
 E = Vault monster count
 F = Vault count percentage of total count
                 A         B        C        D         E       F
            +---------+---------+-------+---------+---------+-------
      Total |      61 |       1 |   1.6 |      25 |       1 |   3.8
            +---------+---------+-------+---------+---------+-------
        D:1 |       8 |       0 |   0.0 |       5 |       0 |   0.0
        D:2 |      53 |       1 |   1.9 |      20 |       1 |   4.8
            +---------+---------+-------+---------+---------+-------
